AoeStats
← king.

Arena

509927298Analyzed
2v2 RM · 3d ago on Sep 28, 2026· 34m 48s· 4 players
Game mode
Random Map
Map size
Medium (4 player)
Population
200
Speed
Normal
Resources
Standard
Victory
Conquest
Starting age
Dark Age
Ending age
Imperial Age
RankedLock teamsTeams togetherTeam positionsShared explorationLock speedFull tech treeHidden civsTurbo modeCheats
Victory
Defeat
🇪🇸 Slavs · Spain
915
+13
🇩🇪 Gurjaras · Germany
859
+16
🇹🇷 Danes · Türkiye
869
-15
🇹🇷 Goths · Türkiye
845
-14
LordSNS
11:11 Feudal Age
11:34 Horse Collar
11:41 Double-Bit Axe
18:20 Castle Age
18:11 Scale Mail Armor
18:22 Forging
19:18 Man-at-Arms
19:43 Gambesons
20:01 Squires
king.
12:45 Feudal Age
17:26 Castle Age
16:50 Double-Bit Axe
17:26 Gold Mining
22:08 Man-at-Arms
24:50 Wheelbarrow
25:07 Bow Saw
30:02 Imperial Age
27:15 Pikeman
29:14 Horse Collar
29:37 Long Swordsman
31:17 Perfusion
32:29 Forging
31:41 Two-Handed Swordsman
32:21 Halberdier
33:33 Halberdier
crazy-kurs
10:17 Feudal Age
10:49 Double-Bit Axe
11:28 Horse Collar
19:20 Forging
19:32 Bloodlines
20:04 Scale Barding Armor
22:48 Castle Age
21:14 Gold Mining
21:53 Stone Mining
23:35 Heavy Plow
23:47 Bow Saw
24:15 Gold Shaft Mining
24:17 Stone Shaft Mining
24:25 Town Watch
25:26 Padded Archer Armor
27:12 Leather Archer Armor
30:03 Kshatriyas
32:00 Fletching
32:14 Town Patrol
Dagobert
11:02 Feudal Age
15:36 Castle Age
13:13 Man-at-Arms
15:53 Long Swordsman
17:13 Long Swordsman
18:26 Double-Bit Axe
21:00 Horse Collar
23:35 Bow Saw
24:46 Wheelbarrow
25:54 Heavy Plow
28:05 Gold Mining
28:08 Stone Mining
28:59 Forging
30:22 Hand Cart
30:46 Iron Casting
30:19 Squires
32:00 Gold Shaft Mining
31:33 Scale Mail Armor
31:50 Bloodlines
33:23 Chain Mail Armor
35:40 Imperial Age
33:28 Loom
34:10 Scale Barding Armor
35:38 Chain Barding Armor
Connection lost

Rejoining the realm…

Still unreachable

The connection could not be restored.

Session expired

The server has moved on; the page needs a fresh start.